 Dungeon Crawl Stone Soup version 0.24-a0-55-g853fe2e (webtiles) character file.

Game seed: 14418407665839867049

172 DrEnzyme the Chopper (level 5, -1/45 HPs)
             Began as a Draconian Wanderer on Feb 4, 2019.
             Slain by Menkaure (12 damage)
             ... on level 5 of the Dungeon.
             The game lasted 00:11:39 (3281 turns).

DrEnzyme the Chopper (Draconian Wanderer)           Turns: 3281, Time: 00:11:40

Health: -1/45      AC:  5    Str: 20      XL:     5   Next: 27%
Magic:  5/5        EV: 12    Int:  9 (11) God:
Gold:   212        SH:  0    Dex: 12      Spells: 4/4 levels left

rFire    + . .     SeeInvis .   a - +2 dagger
rCold    + . .     Gourm    +   (no shield)
rNeg     . . .     Faith    .   (armour unavailable)
rPois    +         Spirit   .   (helmet restricted)
rElec    +         Reflect  .   (no cloak)
rCorr    +         Harm     .   (no gloves)
MR       +....                  (no boots)
Stlth    ++........             k - amulet of the gourmand
HPRegen  0.15/turn              e - +2 ring of dexterity
MPRegen  0.09/turn              n - ring of flight

@: mighty, resistant, very slightly contaminated, invisible
A: unfitting armour, dopey 1, magic resistance 1, cold-blooded, MP-powered
wands, AC +5
a: Evoke Flight


You were on level 5 of the Dungeon.
You were not hungry.

You visited 1 branch of the dungeon, and saw 5 of its levels.

You collected 212 gold pieces.

Inventory:

Hand Weapons
 a - a +2 dagger (weapon)
 c - a +0 hand axe
Missiles
 h - 4 javelins (quivered)
Jewellery
 e - a +2 ring of dexterity (left hand)
 k - an amulet of the gourmand (around neck)
 n - a ring of flight (right hand)
Wands
 t - a wand of iceblast (8)
Scrolls
 b - 2 scrolls of blinking
 j - a scroll of fog {unknown}
 l - 3 scrolls of enchant armour
 q - a scroll of remove curse
Potions
 d - 2 potions of curing
 g - 2 potions of flight
 s - a potion of degeneration
Comestibles
 f - 8 rations


   Skills:
 + Level 3.4 Fighting
 + Level 2.7 Short Blades
 - Level 4.0(4.3) Axes
   Level 2.0(3.2) Maces & Flails
 + Level 2.2 Throwing
 + Level 1.8 Dodging
 - Level 1.1 Stealth


You had 4 spell levels left.
You didn't know any spells.
Your spell library was empty.

Dungeon Overview and Level Annotations

Branches:
Dungeon (5/15)
 Temple: D:4-7

Altars:
Gozag
Hepliaklqana
Qazlal
Uskayaw
Wu Jian

Shops:
D:5 :

Annotations:
D:3 Terence
D:4 Eustachio
D:5 Menkaure


Innate Abilities, Weirdness & Mutations

Your plain brown scales are hard. (AC +5)
You cannot fit into any form of body armour.
You are cold-blooded and may be slowed by cold attacks.
You are dopey. (Int -2)
You are resistant to hostile enchantments. (MR+)
You expend magic power (3 MP) to strengthen your wands.


Message History

You feel your magical essence link to your wands.
You feel resistant to hostile enchantments.
It was a potion of invisibility.
You fade into invisibility!
You are very lightly contaminated with residual magic.
It was a potion of resistance.
You feel protected.
Menkaure calls on the powers of darkness!
Your body is wracked with pain!
It was a potion of might.
You feel very mighty all of a sudden. Menkaure barely misses you.
You hit Menkaure.
Menkaure is moderately damaged.
Menkaure hits you!
* * * LOW HITPOINT WARNING * * *
You closely miss Menkaure.
Menkaure is moderately damaged.
Menkaure hits you!
You die...

#..###..# #..##..# #
#..# #..##..#
#..###..#####..##...
#..............##....
##.###..######.##...#
###<...........###
#....M...<..
#M##.#......
#@##.#.##### #.##.#.#
..##.# # #####.. ##


You could see Menkaure.

Vanquished Creatures
  An orc priest (D:4)
  Ijyb (D:3)
  An orc wizard (D:4)
  A worker ant (D:4)
  2 adders (D:2)
  2 dart slugs
  2 orcs (D:4)
  A ball python (D:2)
  3 giant cockroaches
  4 goblins (D:2)
  5 hobgoblins
  A quokka (D:5)
  A ball python skeleton (D:4)
  11 bats
  3 frilled lizards
  4 kobolds
  5 rats
48 creatures vanquished.

Notes
Turn   | Place    | Note
-------+----------+-------------------------------------------
     0 | D:1      | DrEnzyme the Draconian Wanderer began the quest for the
                  | Orb.
     0 | D:1      | DrEnzyme set off with the following items: a +2 dagger, a
                  | scroll of blinking, a +0 hand axe, a potion of curing, a
                  | ration
     0 | D:1      | Reached XP level 1. HP: 17/17 MP: 1/1
   402 | D:1      | Reached XP level 2. HP: 25/25 MP: 2/2
   891 | D:1      | Reached skill level 1 in Short Blades
  1090 | D:2      | Reached XP level 3. HP: 30/30 MP: 3/3
  1490 | D:2      | Found an ornate altar of the Wu Jian Council.
  1733 | D:2      | Found an opulent altar of Gozag.
  1733 | D:2      | Found a hide-covered altar of Uskayaw.
  1734 | D:2      | Found a hazy altar of Hepliaklqana.
  2253 | D:3      | Noticed Terence
  2429 | D:3      | Found a stormy altar of Qazlal.
  2431 | D:3      | Noticed Ijyb
  2470 | D:3      | Killed Ijyb
  2470 | D:3      | Reached skill level 1 in Dodging
  2470 | D:3      | Reached XP level 4. HP: 32/38 MP: 4/4
  2881 | D:4      | Noticed Eustachio
  2945 | D:4      | Reached XP level 5. HP: 45/45 MP: 5/5
  3164 | D:5      | Entered Level 5 of the Dungeon
  3269 | D:5      | Found Yhetyen's Book Emporium.
  3271 | D:5      | Noticed Menkaure
  3276 | D:5      | Gained mutation: You are dopey. (Int -2) [potion of
                  | mutation]
  3276 | D:5      | Gained mutation: You expend magic power (3 MP) to
                  | strengthen your wands. [potion of mutation]
  3276 | D:5      | Gained mutation: You are resistant to hostile enchantments.
                  | (MR+) [potion of mutation]
  3281 | D:5      | Slain by Menkaure

Vault maps used:
D:1:      lemuel_arrival_broad_hall, minmay_unequal
D:2:      gammafunk_temple_overflow_claw, lemuel_round_altar,
          minmay_pentomino_pile
D:3:      old_standard_altar, uniq_terence, uniq_ijyb
D:4:      cheibrodos_barr_body, first_ration, uniq_eustachio
D:5:      grunt_temple_overflow_open, gammafunk_ghost_split, serial_shops, shop,
          minmay_misc_feat_pillars, uniq_menkaure

Skill      XL: |  1  2  3  4 |
---------------+-------------+-----
Short Blades   | 1 2 |  2.7
Fighting       | 3 |  3.4
Dodging        | 1 |  1.8
Throwing       | 2 |  2.2
Axes           | |  4.0
Maces & Flails | |  2.0
Stealth        | |  1.1

Action                   |  1- 3 |  4- 6 || total
-------------------------+-------+-------++-------
Melee: Dagger            |   110 |    35 ||   145
       Tailslap          |    10 |     3 ||    13
Throw: Javelin           |    23 |       ||    23
  Use: Scroll            |     4 |     4 ||     8
       Potion            |       |     8 ||     8
 Stab: Sleeping          |     3 |     1 ||     4
  Eat: Chunk             |    12 |     5 ||    17
Armor: Skin              |    43 |     6 ||    49
Dodge: Dodged            |    75 |    15 ||    90

Table legend:
 A = Non-vault XP
 B = Vault XP
 C = Vault XP percentage of total XP
 D = Non-vault monster count
 E = Vault monster count
 F = Vault count percentage of total count
                 A         B        C        D         E       F
            +---------+---------+-------+---------+---------+-------
      Total |     188 |      58 |  23.6 |      40 |       8 |  16.7
            +---------+---------+-------+---------+---------+-------
        D:1 |      19 |       5 |  20.8 |      11 |       4 |  26.7
        D:2 |      42 |      17 |  28.8 |      18 |       3 |  14.3
        D:3 |       6 |      36 |  85.7 |       4 |       1 |  20.0
        D:4 |     119 |       0 |   0.0 |       6 |       0 |   0.0
        D:5 |       2 |       0 |   0.0 |       1 |       0 |   0.0
            +---------+---------+-------+---------+---------+-------
